 Dungeon Crawl Stone Soup version 0.29-a0-233-g1125b37a9b (webtiles) character file.

Game seed: 18159869753532865044

779 jfcaron the Skirmisher (level 7, -1/56 HPs)
             Began as a Demonspawn Fighter on Mar 2, 2022.
             Succumbed to Duvessa's poison
             ... on level 5 of the Dungeon.
             The game lasted 00:06:50 (2431 turns).

jfcaron the Skirmisher (Demonspawn Fighter)         Turns: 2431, Time: 00:06:51

Health: -1/56      AC: 14    Str: 18    XL:     7   Next: 54%
Magic:  7/7        EV:  9    Int: 15    God:
Gold:   172        SH:  5    Dex: 13    Spells: 6/6 levels left

rFire   . . .      SeeInvis .   a - +0 war axe (protect)
rCold   . . .      Faith    .   c - +0 buckler
rNeg    . . .      Spirit   .   b - +0 scale mail
rPois   .          Reflect  .   (helmet restricted)
rElec   .          Harm     .   (no cloak)
rCorr   .          Rampage  .   (no gloves)
Will    .....                   (no boots)
Stlth   ..........              (no amulet)
HPRegen 0.18/turn               f - +6 ring of intelligence
MPRegen 0.10/turn               (no ring)

@: lethally poisoned (-1 -> -42), under a protective aura, attractive
A: horns 1, foul stench 3
a: no special abilities


You were on level 5 of the Dungeon.
You visited 1 branch of the dungeon, and saw 5 of its levels.
You also visited: Sewer.

You collected 172 gold pieces.

Inventory:

Hand Weapons
 a - a +0 war axe of protection (weapon)
 e - a +1 whip of freezing
Armour
 b - a +0 scale mail (worn)
 c - a +0 buckler (worn)
 h - a +0 troll leather armour {Pargi}
 i - the +1 ring mail of Dramatic Exits {rN+}
   (You found it on level 3 of the Dungeon)

   rN:        It protects you from negative energy.
 j - +0 steam dragon scales
 l - a scarf of harm
Jewellery
 f - a +6 ring of intelligence (left hand)
Scrolls
 d - a scroll of enchant weapon
 k - a scroll of silence {unknown}
Potions
 m - a potion of curing {unknown}


   Skills:
 + Level 5.2 Fighting
 + Level 4.1 Axes
 + Level 4.7 Armour
 + Level 4.6 Shields


You had 6 spell levels left.
You didn't know any spells.
Your spell library contained the following spells:

 Spells                   Type           Power      Damage    Failure   Level
 Ignite Poison            Fire/Tmut/Pois 0%         N/A       97%         3
 Mephitic Cloud           Conj/Pois/Air  0%         N/A       97%         3
 Freezing Cloud           Conj/Ice/Air   0%         6-21      100%        5


Dungeon Overview and Level Annotations

Branches:
Dungeon (5/15)              Sewer (visited)
 Temple: D:4-7

Altars:

Annotations:
D:5 Dowan, Duvessa


Innate Abilities, Weirdness & Mutations

You have a pair of small horns on your head.
You frequently emit foul miasma when damaged in melee.


Message History

Duvessa is lightly wounded.
Duvessa hits you with a +1 rapier of venom!
You are poisoned.
Duvessa hits you with a +1 rapier of venom.
You are more poisoned.
You hit Duvessa but do no damage.
Your weapon exudes an aura of protection.
Duvessa is lightly wounded.
You feel very sick.
Duvessa hits you with a +1 rapier of venom.
You are more poisoned.
You emit a cloud of foul miasma!
You hit Duvessa.
Duvessa is lightly wounded.
You feel extremely sick.
Duvessa is engulfed in dark miasma.
Duvessa is poisoned.
Duvessa hits you with a +1 rapier of venom.
You are lethally poisoned!
You are too injured to fight recklessly!
Unknown command.
You are too injured to fight recklessly!
You hit Duvessa. You headbutt Duvessa, but do no damage.
Duvessa is heavily wounded.
* * * LOW HITPOINT WARNING * * *
You feel extremely sick.
Duvessa is engulfed in dark miasma.
Duvessa looks even sicker.
Duvessa seems to slow down.
Duvessa hits you with a +1 rapier of venom.
* * * LOW HITPOINT WARNING * * *
You are more poisoned.
Dowan casts a spell.
Dowan blinks!
Duvessa is engulfed in dark miasma.
Duvessa looks even sicker.
Duvessa hits you with a +1 rapier of venom.
* * * LOW HITPOINT WARNING * * *
You are more poisoned.
Okay, then.
Unknown command.
It was a potion of attraction.
You feel attractive to monsters.
You die...

###### #....#
### #...<# ...##
#....####......
#.....@eo......
#....###ยง......
#...<# ....e..
#....# #......
##..## #...##
##.# #### #.#
#.# #.#


You could see Duvessa (very poisoned, slow), Dowan and an orc.

Vanquished Creatures
  Pikel (D:3)
  Pargi (Sewer)
  A centaur (D:4)
  3 lemures (D:3)
  An iguana (D:4)
  An orc wizard (D:4)
  Robin (D:4)
  5 adders
  3 dart slugs
  6 orcs
  A ball python (D:3)
  3 bats
  5 endoplasms
  2 giant cockroaches
  11 goblins
  4 hobgoblins
  4 quokkas
  A kobold (D:4)
  A rat (D:2)
55 creatures vanquished.

Notes
Turn   | Place    | Note
-------+----------+-------------------------------------------
     0 | D:1      | jfcaron the Demonspawn Fighter began the quest for the Orb.
     0 | D:1      | Reached XP level 1. HP: 18/18 MP: 1/1
   173 | D:2      | Gained mutation: You may rarely emit foul miasma when
                  | damaged in melee. [demonic ancestry]
   173 | D:2      | Reached XP level 2. HP: 19/24 MP: 2/2
   329 | D:3      | Identified the +1 ring mail of Dramatic Exits {rN+}
   621 | D:4      | Noticed a centaur
   626 | D:4      | Killed a centaur
   627 | D:4      | Reached XP level 3. HP: 12/30 MP: 3/3
   627 | D:4      | Reached XP level 4. HP: 14/37 MP: 4/4
   639 | D:4      | Found a glowing drain.
   642 | D:4      | HP: 6/37 [adder (4)]
   646 | D:4      | HP: 1/37 [poisoned by an adder]
   922 | Sewer    | Entered a sewer
  1169 | Sewer    | Noticed Pargi
  1183 | Sewer    | Killed Pargi
  1184 | Sewer    | Reached skill level 4 in Fighting
  1184 | Sewer    | Gained mutation: You have a pair of small horns on your
                  | head. [demonic ancestry]
  1184 | Sewer    | Reached XP level 5. HP: 21/42 MP: 5/5
  1381 | D:4      | Noticed a lemure
  1381 | D:4      | Noticed a lemure
  1381 | D:4      | Noticed a lemure
  1381 | D:4      | Noticed a lemure
  1388 | D:4      | Noticed Pikel
  1412 | D:3      | Killed a lemure
  1743 | D:4      | Gained mutation: You sometimes emit foul miasma when
                  | damaged in melee. [demonic ancestry]
  1743 | D:4      | Reached XP level 6. HP: 38/48 MP: 6/6
  1891 | D:4      | Noticed Robin
  1913 | D:4      | Killed Robin
  2166 | D:3      | Killed Pikel
  2167 | D:3      | Reached skill level 5 in Fighting
  2167 | D:3      | Gained mutation: You frequently emit foul miasma when
                  | damaged in melee. [demonic ancestry]
  2167 | D:3      | Reached XP level 7. HP: 40/56 MP: 7/7
  2412 | D:5      | Entered Level 5 of the Dungeon
  2421 | D:5      | Noticed Duvessa
  2421 | D:5      | Noticed Dowan
  2430 | D:5      | HP: 11/56 [Duvessa/+1 rapier of venom (3)]
  2431 | D:5      | Succumbed to Duvessa's poison

Illustrated notes

Levels and vault maps discovered:
D:1:      dpeg_arrival_boxes_within_box, layout_basic, minivault_27
D:2:      layout_basic, amcnicky_mini_pool_small
D:3:      layout_basic, minmay_tree_intersection
D:4:      layout_rooms, portal_sewer_entry_d, uniq_robin, uniq_pikel
D:5:      layout_rooms, gammafunk_ghost_necromancy, serial_park_tiny_pond,
          uniq_duvessa

Skill      XL: |  1  2  3  4  5  6 |
---------------+-------------------+-----
Axes           | 2 3 4 |  4.1
Armour         | 3 4 |  4.7
Shields        | 3 4 |  4.6
Fighting       | 4 5 |  5.2

Action                   |  1- 3 |  4- 6 |  7- 9 || total
-------------------------+-------+-------+-------++-------
Melee: War axe           |    31 |   132 |    10 ||   173
       Headbutt          |       |    15 |     4 ||    19
  Use: Potion            |     1 |     3 |     1 ||     5
       Scroll            |       |     4 |       ||     4
 Stab: Invisible         |       |     1 |       ||     1
Armor: Scale mail        |    17 |    77 |     6 ||   100
Dodge: Dodged            |    15 |    74 |     3 ||    92
Block: Buckler           |    12 |    42 |       ||    54

Table legend: (Time is in decaauts)
 A = Elapsed time spent in this place.
 B = Non-inter-level travel time spent in this place.
 C = Inter-level travel time spent in this place.
 D = Time resting spent in this place.
 E = Time spent auto-exploring this place.
 F = Levels seen in this place.
 G = Mean time per level.
                   A        B        C        D        E       F      G
               +--------+--------+--------+--------+--------+-----+--------+
         Total |   2515 |   2401 |    114 |   1054 |    694 |   6 |  419.2 |
       Dungeon |   2149 |   2035 |    114 |    931 |    569 |   5 |  429.8 |
         Sewer |    365 |    365 |      0 |    123 |    125 |   1 |  365.0 |
               +--------+--------+--------+--------+--------+-----+--------+

Top non-repeatable levels by time:
     D:4: 1025 daAuts
     D:3: 690 daAuts
   Sewer: 365 daAuts
     D:2: 269 daAuts
     D:1: 144 daAuts
     D:5: 20 daAuts
